 Dungeon Crawl Stone Soup version 0.13-a0-3104-gb5885e9 (webtiles) character file.

274 Malachi the Magician (level 4, -3/28 HPs)
             Began as a Mummy Wizard on Sept 19, 2013.
             Slain by a giant frog zombie (5 damage)
             ... on Level 3 of the Dungeon.
             The game lasted 00:07:32 (21710 turns).

Malachi the Magician (Mummy Wizard)                Turns: 21710, Time: 00:07:32

HP  -3/28        AC  2     Str 10      XL: 4   Next: 97%
MP  12/12        EV 12     Int 18      God:
Gold 139         SH  0     Dex 10      Spells:  3 memorised,  6 levels left

Res.Fire  : x . .   See Invis. : .   g - +0 short sword
Res.Cold  : + . .   Warding    : .   a - +0 robe
Life Prot.: + + +   Conserve   : .   (no shield)
Res.Poison: +       Res.Corr.  : .   b - +0 wizard hat
Res.Elec. : .       Clarity    : .   (no cloak)
Sust.Abil.: . .     Spirit.Shd : .   (no gloves)
Res.Mut.  : .       Stasis     : .   (no boots)
Res.Rott. : +       Flight     : .   (no amulet)
Saprovore : . . .                    (no ring)
                                     (no ring)

@: slightly resistant to hostile enchantments, fairly stealthy
A: no food or potions, fire vulnerability, restore body, cold resistance 1, life
protection 3, poison resistance, torment resistance, unbreathing
a: no special abilities


You were on level 3 of the Dungeon.
You were not hungry.

You visited 1 branch of the dungeon, and saw 3 of its levels.

You collected 119 gold pieces.

Inventory:

Hand weapons
 g - a +0,+0 short sword (weapon)
Armour
 a - a +0 robe (worn)
 b - a +0 wizard hat (worn)
Magical devices
 m - a wand of hasting (5) {unknown}
Scrolls
 d - 2 scrolls of random uselessness {unknown}
 e - 3 scrolls of remove curse {unknown}
 f - a scroll of fog {unknown}
 h - 2 scrolls of teleportation {unknown}
 i - a scroll of amnesia {unknown}
 j - a scroll of fear {unknown}
 k - 2 scrolls of identify {unknown}
 l - a scroll of magic mapping {unknown}
 n - 3 scrolls of enchant weapon II {unknown}
Books
 c - a book of Minor Magic

   Spells                             Type                      Level
   *Magic Dart                        Conjuration                  1
   *Blink                             Translocation                2
   *Call Imp                          Summoning                    2
   Repel Missiles                     Charms/Air                   2
   Slow                               Hexes                        2
   Conjure Flame                      Conjuration/Fire             3
   Mephitic Cloud                     Conjuration/Poison/Air       3


   Skills:
 + Level 0.1 Short Blades
 + Level 2.1 Dodging
 + Level 2.2 Stealth
 + Level 4.1 Spellcasting
 + Level 2.1 Conjurations
 + Level 0.7 Summonings
 + Level 0.7 Translocations


You had 6 spell levels left.
You knew the following spells:

 Your Spells              Type           Power        Failure   Level  Hunger
a - Magic Dart            Conj           ##..         8%          1    N/A
b - Blink                 Tloc           N/A          17%         2    N/A
c - Call Imp              Summ           #.........   17%         2    N/A

Dungeon Overview and Level Annotations

Branches:
Dungeon (3/27)

Altars:


Innate Abilities, Weirdness & Mutations

You do not eat or drink.
Your flesh is vulnerable to fire.
Your flesh is cold resistant.
You are immune to negative energy.
Your system is resistant to poisons.
You are immune to unholy pain and torment.
You can survive without breathing.


Message History

You see here a bat corpse.
The giant frog zombie barely misses you.
Found a pear.
The giant frog zombie barely misses you.
The giant frog zombie barely misses you.
The giant frog zombie hits you. The giant frog zombie hits you.
* * * LOW HITPOINT WARNING * * *
The giant frog zombie hits you.
* * * LOW HITPOINT WARNING * * *
The giant frog zombie misses you.
Found a stone staircase leading down.
An orc comes into view. It is wielding an orcish trident.
An orc comes into view.
The orc shouts!
The giant frog zombie hits you.
* * * LOW HITPOINT WARNING * * *
2 orcs and an orc wizard come into view.
The giant frog zombie hits you.
You die...

### ### #.######.#
#...Kg...#
#.######.# #g# #.#
#.# #K##### # #K#
#g....# #.##z#
#.....# #..@.+
+.....# #.##.#
..##.....#### ..
.................
#..
#..#########......
#. #>..
............ #
#... #####.###%.
#oo.. #%# #..
##### #.oo. ..#
#.. #...# ... .###
#[.


You could see an orc wizard (wandering), a gnoll, 2 orcs, a giant frog zombie
and a kobold.

Vanquished Creatures
  3 adders
  A gnoll (D:3)
  A giant mite (D:2)
  3 giant geckos
  An ooze (D:2)
  2 orcs (D:3)
  12 bats
  4 giant cockroaches (D:1)
  10 hobgoblins
  10 jackals
  7 kobolds
  10 giant newts
  11 goblins
  12 rats
  A rat skeleton (D:1)
88 creatures vanquished.

Notes
Turn   | Place    | Note
--------------------------------------------------------------
     0 | D:1      | Malachi, the Mummy Wizard, began the quest for the Orb.
     0 | D:1      | Reached XP level 1. HP: 11/11 MP: 5/5
   430 | D:1      | Reached XP level 2. HP: 17/17 MP: 5/7
  2122 | D:1      | Reached skill level 1 in Conjurations
  3096 | D:1      | Reached XP level 3. HP: 22/22 MP: 7/9
 12108 | D:2      | Learned a level 2 spell: Blink
 12156 | D:2      | Learned a level 2 spell: Call Imp
 13071 | D:2      | Reached XP level 4. HP: 28/28 MP: 8/11
 14095 | D:2      | Reached skill level 4 in Spellcasting
 20912 | D:2      | Noticed a stone giant
 21710 | D:3      | Slain by a giant frog zombie

Action                   |  1- 3 |  4- 6 || total
-------------------------+-------+-------++-------
Melee: Unarmed           |     3 |       ||     3
       Short sword       |    13 |    15 ||    28
 Cast: Magic Dart        |   143 |   107 ||   250
